 Dungeon Crawl Stone Soup version 0.20-a0-972-gb9bd3e6 (webtiles) character file.

219 Hybris the Magician (level 5, -1/28 HPs)
             Began as a Deep Elf Wizard on Apr 9, 2017.
             Slain by a hobgoblin
             ... wielding a +0 club
              (5 damage)
             ... on level 3 of the Dungeon.
             The game lasted 00:11:02 (3913 turns).

Hybris the Magician (Deep Elf Wizard)               Turns: 3913, Time: 00:11:03

Health: -1/28      AC:  2    Str:  9    XL:     5   Next: 63%
Magic:  2/13       EV: 13    Int: 24    God:
Gold:   41         SH:  0    Dex: 13    Spells: 2/12 levels left

rFire    . . .     SeeInvis .   g - +0 dagger
rCold    . . .     Gourm    .   (no shield)
rNeg     . . .     Faith    .   a - +0 robe
rPois    .         Spirit   .   b - +0 hat
rElec    .         Reflect  .   (no cloak)
rCorr    .         Harm     .   (no gloves)
MR       .....                  (no boots)
Stlth    ++........             (no amulet)
Regen    0.1/turn               (no ring)
MPRegen  0.2/turn               (no ring)

@: mighty, exhausted, slowed, very slow
A: no striking features
a: no special abilities


You were on level 3 of the Dungeon.
You were not hungry.

You visited 1 branch of the dungeon, and saw 3 of its levels.

You collected 41 gold pieces.

Inventory:

Hand Weapons
 g - a +0 dagger (weapon)
Armour
 a - a +0 robe (worn)
 b - a +0 hat (worn)
Jewellery
 o - an uncursed amulet of guardian spirit {unknown}
Scrolls
 j - a scroll of random uselessness {unknown}
 k - a scroll of fog
 l - a scroll of immolation {unknown}
 m - a scroll of identify {unknown}
Potions
 e - 2 potions of berserk rage
 f - 2 potions of might
 h - a potion of haste {unknown}
 i - 2 potions of mutation {unknown}
Books
 c - a book of Minor Magic

   Spells                             Type                      Level
   a - Magic Dart                     Conjuration                  1
   b - Blink                          Translocation                2
   c - Call Imp                       Summoning                    2
   d - Slow                           Hexes                        2
   e - Conjure Flame                  Conjuration/Fire             3
   f - Mephitic Cloud                 Conjuration/Poison/Air       3
Comestibles
 d - 4 bread rations
 n - 2 chunks of flesh
 p - a meat ration


   Skills:
 + Level 2.6 Dodging
 - Level 2.4 Stealth
 - Level 4.4 Spellcasting
 * Level 4.2 Conjurations
 + Level 1.6 Hexes
 + Level 2.6 Summonings
 + Level 2.4 Translocations
 + Level 1.6 Fire Magic


You had 2 spell levels left.
You knew the following spells:

 Your Spells              Type           Power        Failure   Level  Hunger
a - Magic Dart            Conj           ####         1%          1    None
b - Call Imp              Summ           ###.....     6%          2    None
c - Blink                 Tloc           N/A          6%          2    None
d - Slow                  Hex            ##......     10%         2    None
e - Conjure Flame         Conj/Fire      ###.....     10%         3    ##.....


Dungeon Overview and Level Annotations

Branches:
Dungeon (3/15)

Altars:
Xom


Message History

You puncture the orc wizard!
You kill the orc wizard!
The orc hits you from afar with a trident.
You hit the orc.
The orc is severely wounded.
The hobgoblin hits you with a club.
* * * LOW HITPOINT WARNING * * *
The orc hits you from afar with a trident.
* * * LOW HITPOINT WARNING * * *
You hit the orc.
You kill the orc!
You feel a strong urge to attack something.
You are no longer berserk.
You are exhausted.
You feel yourself slow down.
Some of the chunks of flesh in your inventory have rotted away.
It was a potion of might.
You feel very mighty all of a sudden. The hobgoblin hits you with a club.
You die...

#.......#######
#.......#.....##
#####+##)......#
#.......#
.#)....#
.#)##### ###o#
.. #..g#.#
#.#@..#
#....#...#
###.(# #.# #..#
.. ...# ##.# ..
##


You could see an orc and a hobgoblin.

Vanquished Creatures
  An orc priest (D:3)
  An orc wizard (D:3)
  6 adders
  4 dart slugs
  3 leopard geckos
  2 orcs (D:3)
  2 giant cockroaches
  10 goblins
  6 hobgoblins
  7 jackals
  A ball python (D:2)
  7 bats
  2 frilled lizards (D:1)
  9 kobolds
  7 rats
68 creatures vanquished.

Vanquished Creatures (collateral kills)
  A worker ant (D:3)
  A gnoll (D:1)
  2 oozes (D:1)
  A dart slug (D:1)
  A hobgoblin (D:1)
  A jackal (D:1)
  2 kobolds
  A bat (D:1)
10 creatures vanquished.

Vanquished Creatures (others)
  A goblin (D:1)
1 creature vanquished.

Grand Total: 79 creatures vanquished

Notes
Turn   | Place    | Note
-------+----------+-------------------------------------------
     0 | D:1      | Hybris the Deep Elf Wizard began the quest for the Orb.
     0 | D:1      | Reached XP level 1. HP: 10/10 MP: 7/7
   592 | D:1      | Reached XP level 2. HP: 14/15 MP: 5/9
   597 | D:1      | Learned a level 2 spell: Call Imp
  1154 | D:1      | Reached XP level 3. HP: 6/19 MP: 1/10
  2088 | D:1      | Learned a level 2 spell: Blink
  2091 | D:1      | Learned a level 2 spell: Slow
  2095 | D:1      | Learned a level 3 spell: Conjure Flame
  2215 | D:2      | Reached XP level 4. HP: 20/24 MP: 1/12
  2491 | D:2      | Found a shimmering altar of Xom.
  2512 | D:2      | Found a shimmering altar of Xom.
  2512 | D:2      | Found a shimmering altar of Xom.
  2514 | D:2      | Found a shimmering altar of Xom.
  2514 | D:2      | Found a shimmering altar of Xom.
  3123 | D:2      | Reached skill level 1 in Fire Magic
  3525 | D:2      | You fall through a shaft!
  3537 | D:3      | Reached skill level 1 in Hexes
  3668 | D:3      | Reached XP level 5. HP: 27/28 MP: 3/13
  3913 | D:3      | Slain by a hobgoblin

Vault maps used:
D:1:      dpeg_arrival_rooms_a, lemuel_flame_loot_1
D:2:      xom_redecorated, grunt_decor_cap, kennysheep_generic_room_13
D:3:      nicolae_ru_path_of_blood, first_bread, serial_glass, glass_columns_a,
          glass_columns_a

Skill      XL: |  1  2  3  4  5 |
---------------+----------------+-----
Conjurations   | 2 3 4 |  4.2
Summonings     | 2 |  2.6
Translocations | 2 |  2.4
Fire Magic     | 1 |  1.6
Hexes          | 1 |  1.6
Dodging        | |  2.6
Stealth        | |  2.4
Spellcasting   | |  4.4

Action                   |  1- 3 |  4- 6 || total
-------------------------+-------+-------++-------
Melee: Dagger            |    42 |    47 ||    89
       Unarmed           |     2 |       ||     2
 Cast: Magic Dart        |    60 |    77 ||   137
       Call Imp          |     9 |     3 ||    12
       Blink             |     1 |     3 ||     4
       Conjure Flame     |       |     2 ||     2
       Slow              |       |     1 ||     1
  Use: Scroll            |     2 |       ||     2
       Potion            |       |     2 ||     2
 Stab: Sleeping          |     3 |     1 ||     4
  Eat: Chunk             |     4 |     5 ||     9
Armor: Robe              |    16 |     8 ||    24
Dodge: Dodged            |    41 |    42 ||    83
